 Dungeon Crawl Stone Soup version 0.30.1-9-gdf580d7c3d (webtiles) character file.

Game seed: 16625350289965571800

8933 Ironcache the Grappler (level 11, -7/109 HPs)
             Began as a Troll Monk on Oct 5, 2023.
             Was a High Priest of Okawaru.
             Mangled by a centaur warrior simulacrum (27 damage)
             ... on level 10 of the Dungeon.
             The game lasted 00:36:09 (8979 turns).

Ironcache the Grappler (Troll Monk)                 Turns: 8979, Time: 00:36:10

Health: -7/109     AC:  7    Str: 25    XL:     11   Next: 16%
Magic:  0/15       EV:  8    Int:  6    God:    Okawaru [*****.]
Gold:   743        SH: 13    Dex: 12    Spells: 10/10 levels left

rFire   + .          .
                       - Unarmed
rCold   . . .        a - +0 tower shield
rNeg    . . .        I - +0 troll leather armour {Pargi}
rPois   .            (helmet restricted)
rElec   +            R - +0 cloak
rCorr   .            (gloves unavailable)
SInv    .            (boots unavailable)
Will    +....        e - amulet of guardian spirit
Stlth   +            B - ring of willpower
HPRegen 1.98/turn    G - ring of protection from fire
MPRegen 0.14/turn

%: guardian spirit
@: unable to read
A: large, unfitting armour, claws 3, regeneration 1, shaggy fur 1, tough skin 1,
electricity resistance, inability to read after injury 1
a: Renounce Religion, Heroism, Finesse, Duel


You were on level 10 of the Dungeon.
You worshipped Okawaru.
Okawaru was extremely pleased with you.
You visited 1 branch of the dungeon, and saw 10 of its levels.
You also visited: Sewer.

You collected 743 gold pieces.

Inventory:

Missiles
 g - 71 stones
 j - 13 boomerangs (quivered)
 o - 4 throwing nets
Armour
 a - a +0 tower shield (worn)
 c - an orb of light
 n - a +0 robe
 p - a +0 cloak
 v - a +0 plate armour
 I - a +0 troll leather armour (worn) {Pargi}
 O - a +0 troll leather armour
 R - a +0 cloak (worn)
 T - a +2 robe of fire resistance
Jewellery
 e - an amulet of guardian spirit (around neck)
 B - a ring of willpower (left claw)
 G - a ring of protection from fire (right claw)
 K - a ring of willpower
 N - an amulet of the acrobat
 P - a +6 ring of strength
 W - a ring of wizardry
Wands
 u - a wand of flame (13)
 x - a wand of polymorph (23)
 L - a wand of paralysis (9)
 U - a wand of acid (3)
Scrolls
 h - 10 scrolls of teleportation {unknown}
 k - 9 scrolls of identify {unknown}
 l - a scroll of butterflies {unknown}
 r - 2 scrolls of amnesia {unknown}
 t - a scroll of blinking {unknown}
 y - 5 scrolls of enchant armour {unknown}
 A - 5 scrolls of magic mapping {unknown}
 D - a scroll of acquirement {unknown}
 E - 4 scrolls of noise {unknown}
 F - 2 scrolls of fog {unknown}
 S - a scroll of enchant weapon {unknown}
Potions
 b - a potion of ambrosia
 d - a potion of lignification {unknown}
 f - 4 potions of curing
 i - 3 potions of mutation
 m - 4 potions of attraction
 q - 2 potions of flight {unknown}
 s - 2 potions of berserk rage {unknown}
 w - 2 potions of haste {unknown}
 z - a potion of resistance {unknown}
 C - 13 potions of degeneration
 H - a potion of magic {unknown}
 J - a potion of heal wounds {unknown}
 M - a potion of cancellation {unknown}
 Q - a potion of invisibility {unknown}
 V - 2 potions of might {unknown}


   Skills:
 + Level 7.3 Fighting
 - Level 2.0 Armour
 - Level 4.0 Dodging
 + Level 4.9 Shields
 * Level 11.7 Unarmed Combat
 + Level 6.8 Invocations


You had 10 spell levels left.
You didn't know any spells.
Your spell library contained the following spells:

 Spells                   Type           Power      Damage    Failure   Level
 Apportation              Tloc           0%         N/A       95%         1
 Beastly Appendage        Tmut           0%         N/A       95%         1
 Necrotise                Necr           0%         1d4       95%         1
 Slow                     Hex            0%         N/A       95%         1
 Blink                    Tloc           0%         N/A       99%         2
 Ensorcelled Hibernation  Hex/Ice        0%         N/A       99%         2
 Lesser Beckoning         Tloc           0%         N/A       99%         2
 Momentum Strike          Conj/Tloc      0%         3d8       99%         2
 Passwall                 Tmut/Erth      0%         N/A       99%         2
 Wereblood                Tmut           0%         N/A       99%         2
 Confusing Touch          Hex            0%         N/A       100%        3
 Spider Form              Tmut/Pois      0%         N/A       100%        3
 Swiftness                Air            0%         N/A       100%        3
 Vampiric Draining        Necr           0%         2d6       100%        3
 Passage of Golubria      Tloc           0%         N/A       100%        4
 Silence                  Hex/Air        0%         N/A       100%        5
 Storm Form               Tmut/Air       0%         N/A       100%        7
 Lehudib's Crystal Spear  Conj/Erth      0%         10d2      100%        8
 Maxwell's Capacitive Co  Air            0%         ∞         100%        8
 Chain Lightning          Conj/Air       0%         N/A       100%        9
 Fire Storm               Conj/Fire      0%         5d1       100%        9
 Shatter                  Erth           0%         3d5*      100%        9
 Summon Small Mammal      Summ           Unusable   N/A       N/A         1
 Summon Lightning Spire   Summ/Air       Unusable   N/A       N/A         4

Dungeon Overview and Level Annotations

Branches:
Dungeon (10/15)            Temple (0/1) D:6           Sewer (visited)
   Lair: D:8-11         Orc: D:9-12

Altars:
Ashenzari
Cheibriados
Dithmenos
Hepliaklqana
Kikubaaqudgha
Okawaru
Qazlal
Ru
Vehumet
Wu Jian
Yredelemnul

Shops:
D:3 :   D:6 *   D:8 =   D:9 [:

Annotations:
D:8 1 runed translucent door


Innate Abilities, Weirdness & Mutations

You are too large for most types of armour.
You have claws for hands.
Your natural rate of healing is unusually fast.
You are covered in fur. (AC +1)
You have tough skin. (AC +1)
You are resistant to electric shocks. (rElec)
You occasionally lose the ability to read scrolls when taking damage.


Message History

The komodo dragon is almost dead.
The komodo dragon bites you!
You mangle the komodo dragon!!
You kill the komodo dragon!
Okawaru accepts your kill.
You scratch the centaur warrior simulacrum.
The centaur warrior simulacrum is lightly damaged.
The centaur warrior simulacrum hits you.
The centaur warrior simulacrum freezes you!!
You block the centaur warrior simulacrum's attack.
You scratch the centaur warrior simulacrum but do no damage.
The centaur warrior simulacrum is lightly damaged.
The centaur warrior simulacrum hits you but does no damage.
You block the centaur warrior simulacrum's attack.
You scratch the centaur warrior simulacrum.
The centaur warrior simulacrum is lightly damaged.
The centaur warrior simulacrum hits you!
The centaur warrior simulacrum freezes you!!
The centaur warrior simulacrum kicks you.
The centaur warrior simulacrum freezes you!!
You feel threatened and lose the ability to read scrolls!
* * * LOW HITPOINT WARNING * * *
You block the centaur warrior simulacrum's attack.
The centaur warrior simulacrum kicks you but does no damage.
You claw the centaur warrior simulacrum!
The centaur warrior simulacrum is severely damaged.
The centaur warrior simulacrum closely misses you.
The centaur warrior simulacrum kicks you but does no damage.
You claw the centaur warrior simulacrum!
The centaur warrior simulacrum is almost destroyed.
The centaur warrior simulacrum hits you!
* * * LOW HITPOINT WARNING * * *
The centaur warrior simulacrum freezes you!
* * * LOW HITPOINT WARNING * * *
You block the centaur warrior simulacrum's attack.
You feel better.
The centaur warrior simulacrum hits you.
* * * LOW HITPOINT WARNING * * *
The centaur warrior simulacrum freezes you!!
You die...

#### .......§§# ...#
#.#...§§# # ##.#
#.#.....#..#
##.########...........
#..#
##...............#
#..#
..........##.Z####
#..# .......~~.....#
#..#
.......≈~~~...#####
#..#
~~~...~≈~.[...ZZ@.#
#..#
~~~~~~~≈~≈~~~~~##.##
#..#
.......~~~~~..~≈~~≈#
#..####
..~≈.........####.##
#...... ....~~.~....##
#.# #.#####
.........####
#.#########.#####
.##...####
#................ ##
#### ###########.#####
#######


You could see 2 centaur warrior simulacra.

Vanquished Creatures
  A boulder beetle (D:10)
  The ghost of Rem the Martial Artist, a novice OpTm of Hepliaklqana (D:8)
  A deep elf pyromancer (D:10)
  Maurice (D:8)
  A komodo dragon (D:10)
  A troll (D:6)
  A wyvern (D:9)
  A wraith (D:9)
  11 yaks
  A steam dragon (D:6)
  A water moccasin (D:8)
  A sky beast (D:6)
  Pargi (Sewer)
  3 black bears
  2 orc warriors
  2 ice beasts
  4 ogres
  2 centaurs
  2 bullfrogs
  2 kobold brigands
  A gnoll sergeant (D:8)
  A scorpion (D:4)
  16 wights
  12 killer bees
  4 electric eels
  5 howler monkeys
  A jelly (D:7)
  5 orc priests
  5 hounds
  A gnoll bouda (D:5)
  A sleepcap (D:8)
  7 orc wizards
  4 iguanas
  15 gnolls
  14 adders
  6 river rats (D:6)
  A shadow imp (D:5)
  6 worms
  4 dart slugs
  28 orcs
  2 endoplasms
  5 giant cockroaches
  7 goblins
  7 hobgoblins
  4 jackals
  6 quokkas
  8 ball pythons
  7 bats
  3 frilled lizards
  13 kobolds
  7 rats
246 creatures vanquished.

Vanquished Creatures (others)
  An adder (D:6)
1 creature vanquished.

Grand Total: 247 creatures vanquished

Notes
Turn   | Place    | Note
-------+----------+-------------------------------------------
     0 | D:1      | Ironcache the Troll Monk began the quest for the Orb.
     0 | D:1      | Reached XP level 1. HP: 22/22 MP: 0/0
   152 | D:1      | Reached XP level 2. HP: 29/29 MP: 1/1
   243 | D:1      | Found a faded altar of an unknown god.
   250 | D:1      | Prayed at the altar of an unknown god.
   250 | D:1      | Became a worshipper of Warmaster Okawaru
   250 | D:1      | Reached * piety under Okawaru
   250 | D:1      | Reached ** piety under Okawaru
   704 | D:1      | Reached XP level 3. HP: 36/36 MP: 2/2
  1163 | D:2      | Reached XP level 4. HP: 11/44 MP: 3/3
  1166 | D:2      | Reached skill level 4 in Unarmed Combat
  1611 | D:2      | Reached skill level 1 in Armour
  1699 | D:2      | Reached *** piety under Okawaru
  1700 | D:2      | Reached skill level 1 in Invocations
  1748 | D:2      | Reached XP level 5. HP: 48/53 MP: 4/4
  2062 | D:3      | Found an ornate altar of the Wu Jian Council.
  2084 | D:3      | Reached skill level 1 in Shields
  2485 | D:3      | Found a faded altar of an unknown god.
  2485 | D:3      | Found a faded altar of an unknown god.
  2487 | D:3      | Found a hazy altar of Hepliaklqana.
  2609 | D:3      | Found Zolous's Book Boutique.
  2786 | D:4      | Reached XP level 6. HP: 51/61 MP: 6/6
  3134 | D:4      | Found a shadowy altar of Dithmenos.
  3153 | D:4      | Reached **** piety under Okawaru
  3154 | D:4      | Reached XP level 7. HP: 67/67 MP: 7/7
  3434 | D:5      | Entered Level 5 of the Dungeon
  3656 | D:5      | Found a sacrificial altar of Ru.
  3708 | D:5      | Found an ancient bone altar of Kikubaaqudgha.
  3708 | D:5      | Found a radiant altar of Vehumet.
  3709 | D:5      | Found a basalt altar of Yredelemnul.
  3734 | D:5      | Reached skill level 5 in Unarmed Combat
  3775 | D:5      | Identified the +8 chain mail "Xuguo" {Rampage rF+ Str+4}
  3790 | D:5      | Found a snail-covered altar of Cheibriados.
  4290 | D:5      | Reached XP level 8. HP: 38/78 MP: 9/9
  4296 | D:5      | Reached skill level 6 in Unarmed Combat
  4522 | D:6      | Found Kicalarog's Assorted Antiques.
  4564 | D:6      | Reached skill level 7 in Unarmed Combat
  4601 | D:6      | HP: 2/79 [something (5)]
  4607 | D:6      | Gained mutation: You occasionally lose the ability to read
                  | scrolls when taking damage. [potion of mutation]
  4607 | D:6      | Gained mutation: You are resistant to electric shocks.
                  | (rElec) [potion of mutation]
  4677 | D:6      | Found a staircase to the Ecumenical Temple.
  4745 | D:6      | Reached skill level 5 in Fighting
  4763 | D:6      | Found a glowing drain.
  4767 | Sewer    | Entered a sewer
  4795 | Sewer    | Noticed Pargi
  4805 | Sewer    | Killed Pargi
  4809 | Sewer    | Identified the +1 plate armour "Facreisk" {rN++ Str+3
                  | Int-4}
  4981 | D:6      | Noticed a troll
  4986 | D:6      | Killed a troll
  4987 | D:6      | Reached XP level 9. HP: 85/88 MP: 9/11
  5069 | D:6      | Reached skill level 8 in Unarmed Combat
  5098 | D:6      | Reached ***** piety under Okawaru
  5621 | D:6      | Reached skill level 5 in Invocations
  5714 | D:6      | Reached skill level 9 in Unarmed Combat
  5906 | D:7      | Found a stormy altar of Qazlal.
  6174 | D:8      | Noticed Rem's ghost (novice OpTm)
  6175 | D:8      | Found a runed translucent gate.
  6175 | D:8      | Found a runed translucent gate.
  6175 | D:8      | Found a runed translucent gate.
  6265 | D:8      | Reached skill level 10 in Unarmed Combat
  6265 | D:8      | Reached XP level 10. HP: 69/98 MP: 5/13
  6274 | D:8      | Received a gift from Okawaru
  6948 | D:8      | Noticed Maurice
  6988 | D:8      | Killed Maurice
  7163 | D:8      | Noticed a cyan ugly thing
  7163 | D:8      | Noticed a rakshasa
  7163 | D:8      | Noticed a manticore
  7164 | D:8      | Found a runed translucent door.
  7166 | D:8      | Noticed a boulder beetle
  7166 | D:8      | a polar bear changed into a guardian serpent
  7166 | D:8      | Noticed a guardian serpent (shapeshifter)
  7291 | D:8      | Found Ampuo's Jewellery Shoppe.
  7410 | D:8      | Identified the +2 falchion "Dragonslayer" {drain, +Blink
                  | rPois rF+ Str-3}
  7516 | D:8      | Killed Rem's ghost
  7576 | D:8      | Noticed a faun
  7576 | D:8      | Noticed a steelbarb worm
  7616 | D:9      | Found an iron altar of Okawaru.
  7707 | D:9      | Found Wigoekhu's Antique Armour Shoppe.
  7841 | D:9      | Reached skill level 11 in Unarmed Combat
  7856 | D:10     | Entered Level 10 of the Dungeon
  8131 | D:9      | Found a broken altar of Ashenzari.
  8135 | D:9      | Saw a vision of the Swamp and the Spider Nest.
  8135 | D:9      | Noticed an eleionoma
  8135 | D:9      | Noticed a bog body
  8135 | D:9      | Noticed an eleionoma
  8135 | D:9      | Noticed a steelbarb worm
  8135 | D:9      | Noticed a spark wasp
  8135 | D:9      | Noticed an entropy weaver
  8135 | D:9      | Noticed a spriggan rider
  8136 | D:9      | Noticed a torpor snail
  8137 | D:9      | Noticed an entropy weaver
  8138 | D:9      | Noticed an entropy weaver
  8138 | D:9      | Noticed a bog body
  8144 | D:9      | Noticed a radroach
  8259 | D:9      | Found Pasipsiv's Tiny Tomes.
  8729 | D:10     | Noticed a deep elf pyromancer
  8735 | D:10     | Killed a deep elf pyromancer
  8736 | D:10     | Reached XP level 11. HP: 109/109 MP: 14/14
  8763 | D:10     | Noticed a boulder beetle
  8776 | D:10     | Killed a boulder beetle
  8979 | D:10     | Mangled by a centaur warrior simulacrum

Illustrated notes

Levels and vault maps discovered:
D:1:      lightli_arrival_farm, layout_loops_corners,
          dreamdust_ecumenical_altar_grove
D:2:      layout_loops_corners, serial_forest, infiniplex_forest_clump_diagonal,
          infiniplex_forest_lined_corner, infiniplex_forest_lined_corner,
          infiniplex_forest_join, infiniplex_forest_corner_1,
          infiniplex_forest_clump_long, infiniplex_forest_lined_room_,
          infiniplex_forest_straight_1, minmay_pentomino_v4
D:3:      minmay_octagon_keep, layout_basic,
          mainiacjoe_overflow_concentric_impassable,
          nicolae_hepliaklqana_ecumenical_no_more, serial_shops,
          nicolae_shop_back_alley_shop
D:4:      layout_basic, mainiacjoe_overflow_paths, minmay_bent
D:5:      layout_loops_ring, hangedman_ru_absence, old_standard_altar,
          gammafunk_temple_overflow_forgotten, kennysheep_flooded_box
D:6:      layout_rooms, minmay_temple_entry_glassed_door,
          lightli_sewer_entry_pipes, serial_shops, shop, chequers_big_river,
          minmay_strange_pillars
D:7:      layout_cave_pools, grunt_qazlal_clouds
D:8:      minmay_gate_of_8, layout_basic, enter_bailey_7, gammafunk_ghost_split,
          serial_shops, nicolae_shop_just_a_little_nook, uniq_maurice
D:9:      layout_loops_ring, grunt_ashenzari_visionary
          [grunt_ashenzari_visionary_swamp, grunt_ashenzari_visionary_spider],
          amcnicky_altar_gilded, serial_shops, shop,
          nicolae_shop_i_like_small_books_too
D:10:     layout_loops_ring, serial_ice, serial_ice_m, serial_ice_c,
          serial_ice_f, serial_ice_g, serial_ice_k, serial_ice_a,
          nzn_sisyphean_effort

Skill      XL: |  1  2  3  4  5  6  7  8  9 10 |
---------------+-------------------------------+-----
Unarmed Combat | 4 5 7 10 11 | 11.7
Fighting       | 3 4 5 6 7 |  7.3
Armour         | 1 2 |  2.0
Invocations    | 1 2 3 4 5 6 |  6.8
Dodging        | 3 4 |  4.0
Shields        | 1 2 4 |  4.9

Action                     |  1- 3 |  4- 6 |  7- 9 | 10-12 || total
---------------------------+-------+-------+-------+-------++-------
  Melee: Unarmed           |    92 |   188 |   323 |   253 ||   856
         Punch             |       |     4 |       |       ||     4
  Throw: Boomerang         |       |       |       |     6 ||     6
 Invoke: Heroism           |       |       |     2 |     2 ||     4
    Use: Potion            |       |       |     3 |     1 ||     4
   Stab: Sleeping          |     2 |     3 |     1 |       ||     6
 Armour: Robe              |    28 |    68 |    49 |       ||   145
         Troll leather arm |       |       |    43 |    42 ||    85
  Dodge: Dodged            |    59 |    63 |   118 |    67 ||   307
  Block: Tower shield      |       |    54 |   185 |   148 ||   387
